Pick #1

Connor Bedard
Pick #2

Leo Carlsson
Pick #3

Adam Fantilli
Pick #4

Matvei Michkov
Pick #5

David Reinbacher
Pick #6

William Smith
Pick #7

Zachary Benson
Pick #8

Ryan Leonard
Pick #9

Gabriel Perreault
Pick #10

Axel Sandin-Pellika
Pick #11

Daniil But
Pick #12

Dalibor Dvorsky
Pick #13

Quentin Musty
Pick #14

Brayden Yager
Pick #15

Dmitry Simashev
Pick #16

Colby Barlow
Pick #17

Andrew Cristall
Pick #18

Easton Cowan
Pick #19

Jacob Fowler
Pick #20

Oliver Moore
Pick #21

Oliver Bonk
Pick #22

Tom Willander
Pick #23

Calum Ritchie
Pick #24

Tanner Molendyk
Pick #25

Gavin Brindley
Pick #26

Nate Danielson
Pick #27

Pick #28

Pick #29

Pick #30

Pick #31

Pick #32

Pick #33

Pick #34

Pick #35

Pick #36

Pick #37

Pick #38

Pick #39

Pick #40

Pick #41

Pick #42

Pick #43

Pick #44

Pick #45

Pick #46

Pick #47

Pick #48

Pick #49

Pick #50

Pick #51

Pick #52

Pick #53

Pick #54

Pick #55

Pick #56

Pick #57

Pick #58

Pick #59

Pick #60

Pick #61

Pick #62

Pick #63

Pick #64

Pick #65

Pick #66

Pick #67

Pick #68

Pick #69

Pick #70

Pick #71

Pick #72

Pick #73

Pick #74

Pick #75

Pick #76

Pick #77

Pick #78

Pick #79

Pick #80

Pick #81

Pick #82

Pick #83

Pick #84

Pick #85

Pick #86

Pick #87

Pick #88

Pick #89

Pick #90

Pick #91

Pick #92

Pick #93

Pick #94

Pick #95

Pick #96

Pick #97

Pick #98

Pick #99

Pick #100

Pick #101

Pick #102

Pick #103

Pick #104

Pick #105

Pick #106

Pick #107

Pick #108

Pick #109

Pick #110

Pick #111

Pick #112

Pick #113

Pick #114

Pick #115

Pick #116

Pick #117

Pick #118

Pick #119

Pick #120

Pick #121

Pick #122

Pick #123

Pick #124

Pick #125

Pick #126

Pick #127

Pick #128

Pick #129

Pick #130

Full Scoreboard »»

Oilers vs Flyers

Created - November 15, 2023 at 21:16

Goals
1 2 3 T
Oilers 0 2 2 4
Flyers 0 1 4 5
Shots
1 2 3 T
Oilers 10 6 13 29
Flyers 8 18 12 38

GoalsPenalties
1st period
No Goal
Joel Farabee (PHI) for Hooking (Minor) at 9:07
2nd period
1. Oilers , Brock Boeser 5 (Mattias Samuelsson 5, Sam Bennett 9) at 7:44
2. Oilers , Ryan Pulock 3 (Brock Boeser 9, Cole Perfetti 2) at 13:08
3. Flyers , Sam Lafferty 1 (Mika Zibanejad 8, Aaron Ekblad 7) at 15:15
Scott Mayfield (EDM) for Boarding (Major) at 8:03
Sam Bennett (EDM) for Tripping (Minor) at 13:13
Victor Hedman (PHI) for Tripping (Minor) at 16:33
3rd period
4. Flyers , Vince Dunn 2 (Robert Thomas 11, Aaron Ekblad 8) at 0:50
5. Flyers , Mika Zibanejad 9 (Victor Hedman 10) at 3:02
6. Oilers , Ryan Johansen 9 (Ryan Pulock 13, Jack Campbell) at 14:46 (PP)
7. Oilers , Brock Boeser 6 (Sam Bennett 10, Cole Perfetti 3) at 16:00
8. Flyers , Eetu Luostarinen 3 (Tomas Tatar 3, Aaron Ekblad 9) at 16:43
9. Flyers , Joel Farabee 2 (Aaron Ekblad 10) at 18:09
Ryan Johansen (EDM) for Holding (Minor) at 10:54
Sam Lafferty (PHI) for Roughing (Minor) at 13:54
Joel Farabee (PHI) for Holding (Minor) at 18:55
Goalie Stats
Jack Campbell (EDM), 33 saves from 38 shots - (0.868), L, 4-5-1, 59:02 minutes
Linus Ullmark (PHI), 25 saves from 29 shots - (0.862), W, 11-6-2, 60:00 minutes
3 StarsOfficial
1 - Aaron Ekblad (PHI)
2 - Brock Boeser (EDM)
3 - Vince Dunn (PHI)
Referees : Chris Rooney and Dave Lewis
Linesman : Shaun Morgan and Stephen Drain
Game Note
No Game Note
Finance
Level 1 -- Attendance: 6500 (100.00%) -- Ticket Income $682,500
Level 2 -- Attendance: 4529 (90.58%) -- Ticket Income $339,675
Level 3 -- Attendance: 3433 (98.09%) -- Ticket Income $188,815
Level 4 -- Attendance: 1565 (100.00%) -- Ticket Income $62,600
Luxury Box -- Attendance: 979 (97.90%) -- Ticket Income $194,821
Game was played at the Wells Fargo Center.
Total Attendance: 17006 (96.82%)
Total Ticket Income: $1,468,411
Other Income: $367,103
Total Income: $1,835,514



Team Name Goals Shots Shots Attemp Shots Blocked PIM HIT PP PK FO%
Oilers 4295669151 / 4 (25%)063%
Flyers 5386358210 / 3 (0%)138%

Oilers
Player Name POS G A P +/- PIM HIT SHT SB MP PP MP PP SHT PK MP PK SHT FO% FOT
Adam LowryC000-1014016:550:0005:37059% 27
Alexander BarabanovLW000001009:072:4100:170100% 1
Brandon HagelLW000-1003017:293:1310:0000% 0
Brock BoeserRW2130007016:513:2510:000100% 1
Cole PerfettiC0220000013:260:0000:0000% 0
Dylan StromeC000-1010116:452:2900:000100% 1
Jakob SilfverbergRW000000109:090:0003:0000% 0
Jamie DrysdaleD000-1000020:013:3600:0000% 0
Josh BaileyRW000-1001015:063:4810:0000% 0
Mattias SamuelssonD0110011124:282:1805:3600% 0
Nikita ZaitsevD0000012018:200:0001:4600% 0
Ondrej PalatLW000-1003016:580:0005:40150% 2
Paul StastnyC000000119:290:0003:20064% 14
Ryan JohansenC101-1203016:442:2910:00060% 20
Ryan PulockD112-1053123:062:0624:3500% 0
Sam BennettC0220230016:503:2500:00063% 30
Scott MayfieldD000-1520013:440:0001:3500% 0
Troy StecherD000-1000216:320:0004:2200% 0
Flyers
Player Name POS G A P +/- PIM HIT SHT SB MP PP MP PP SHT PK MP PK SHT FO% FOT
Aaron EkbladD0443000122:314:3003:2900% 0
Adam RuzickaC000000105:370:0000:0000% 1
Alex GalchenyukC000000105:370:0000:0000% 0
Alex PietrangeloD0000012126:044:2712:3300% 0
Calle JarnkrokC0002011015:290:0001:3900% 1
Dante FabbroD000-1010012:140:0000:4100% 0
Eetu LuostarinenC1011044012:440:0004:03036% 14
Erik JohnsonD000-1010111:430:0000:1000% 0
Fabian ZetterlundLW000100009:090:0000:280100% 1
Jake DeBruskLW000-1015021:234:2220:0000% 2
Jared McCannLW000-1004021:234:2220:0000% 1
Joel FarabeeLW1012434018:294:3510:0600% 1
Mika ZibanejadC112-1017025:164:2213:53138% 42
Robert ThomasC0112012020:044:3511:39042% 31
Sam LaffertyC101020115:360:0000:000100% 1
Tomas TatarLW0111031013:164:3510:0000% 1
Victor HedmanD0110230125:084:2701:3800% 0
Vince DunnD1013015022:194:3043:1700% 0



Play-by-Play

1st period


0:01 of 1st period - Sam Bennett wins face-off versus Mika Zibanejad in neutral zone.
0:41 of 1st period - Shot by Mika Zibanejad.
0:41 of 1st period - Stopped by Jack Campbell without a rebound.
0:42 of 1st period - Ryan Johansen wins face-off versus Robert Thomas in Oilers zone.
0:55 of 1st period - Off-side.
0:56 of 1st period - Eetu Luostarinen wins face-off versus Adam Lowry in neutral zone.
0:56 of 1st period - Eetu Luostarinen is hit by Adam Lowry.
1:16 of 1st period - Shot by Tomas Tatar.
1:16 of 1st period - Shot Misses the Net.
1:18 of 1st period - Shot by Eetu Luostarinen.
1:18 of 1st period - Stopped by Jack Campbell without a rebound.
1:19 of 1st period - Paul Stastny wins face-off versus Robert Thomas in Oilers zone.
1:52 of 1st period - Shot by Robert Thomas.
1:52 of 1st period - Shot Misses the Net.
1:54 of 1st period - Shot by Calle Jarnkrok.
1:54 of 1st period - Shot Misses the Net.
1:56 of 1st period - Shot by Robert Thomas.
1:56 of 1st period - Shot Misses the Net.
2:14 of 1st period - Shot by Adam Ruzicka.
2:14 of 1st period - Shot Blocked by Mattias Samuelsson.
2:16 of 1st period - Shot by Sam Lafferty.
2:16 of 1st period - Shot Misses the Net.
2:18 of 1st period - Shot by Alex Galchenyuk.
2:18 of 1st period - Deflect By Sam Lafferty.
2:18 of 1st period - Shot Misses the Net.
3:04 of 1st period - Erik Johnson is hit by Alexander Barabanov and loses puck.
3:32 of 1st period - Shot by Jared McCann.
3:32 of 1st period - Shot Misses the Net.
3:37 of 1st period - Icing by Scott Mayfield.
3:38 of 1st period - Ryan Johansen wins face-off versus Eetu Luostarinen in Oilers zone.
3:38 of 1st period - Ryan Johansen is hit by Eetu Luostarinen.
3:43 of 1st period - Dylan Strome is hit by Tomas Tatar and loses puck.
3:49 of 1st period - Aaron Ekblad is hit by Scott Mayfield and loses puck.
4:16 of 1st period - Shot by Eetu Luostarinen.
4:16 of 1st period - Shot Misses the Net.
4:20 of 1st period - Shot by Eetu Luostarinen.
4:20 of 1st period - Stopped by Jack Campbell with a rebound.
4:22 of 1st period - Shot by Tomas Tatar.
4:22 of 1st period - Shot Blocked by Troy Stecher.
4:45 of 1st period - Ryan Pulock is hit by Joel Farabee.
5:19 of 1st period - Icing by Ondrej Palat.
5:20 of 1st period - Adam Lowry wins face-off versus Mika Zibanejad in Oilers zone.
5:39 of 1st period - Shot by Sam Bennett.
5:39 of 1st period - Shot Misses the Net.
5:45 of 1st period - Shot by Brock Boeser.
5:45 of 1st period - Stopped by Linus Ullmark without a rebound.
5:46 of 1st period - Sam Bennett wins face-off versus Eetu Luostarinen in Flyers zone.
6:16 of 1st period - Shot by Vince Dunn.
6:16 of 1st period - Shot Misses the Net.
7:47 of 1st period - Shot by Adam Lowry.
7:47 of 1st period - Stopped by Linus Ullmark without a rebound.
7:48 of 1st period - Robert Thomas wins face-off versus Paul Stastny in Flyers zone.
8:16 of 1st period - Off-side.
8:17 of 1st period - Sam Bennett wins face-off versus Mika Zibanejad in neutral zone.
8:28 of 1st period - Shot by Cole Perfetti.
8:28 of 1st period - Shot Misses the Net.
8:30 of 1st period - Shot by Brock Boeser.
8:30 of 1st period - Stopped by Linus Ullmark with a rebound.
8:32 of 1st period - Shot by Nikita Zaitsev.
8:32 of 1st period - Stopped by Linus Ullmark with a rebound.
8:34 of 1st period - Shot by Brock Boeser.
8:34 of 1st period - Shot Misses the Net.
9:07 of 1st period - Minor Penalty to Joel Farabee for Hooking.
9:08 of 1st period - Mika Zibanejad wins face-off versus Ryan Johansen in Flyers zone.
9:08 of 1st period - Mika Zibanejad is hit by Dylan Strome.
9:30 of 1st period - Shot by Ryan Johansen.
9:30 of 1st period - Shot Blocked by Aaron Ekblad.
9:32 of 1st period - Shot by Dylan Strome.
9:32 of 1st period - Shot Misses the Net.
9:34 of 1st period - Shot by Jamie Drysdale.
9:34 of 1st period - Shot Misses the Net.
9:36 of 1st period - Shot by Josh Bailey.
9:36 of 1st period - Stopped by Linus Ullmark without a rebound.
9:37 of 1st period - Brock Boeser wins face-off versus Robert Thomas in Flyers zone.
9:40 of 1st period - Shot by Ryan Pulock.
9:40 of 1st period - Stopped by Linus Ullmark with a rebound.
9:42 of 1st period - Shot by Ryan Pulock.
9:42 of 1st period - Stopped by Linus Ullmark without a rebound.
9:43 of 1st period - Sam Bennett wins face-off versus Mika Zibanejad in Flyers zone.
10:12 of 1st period - Shot by Brandon Hagel.
10:12 of 1st period - Stopped by Linus Ullmark without a rebound.
10:13 of 1st period - Ryan Johansen wins face-off versus Mika Zibanejad in Flyers zone.
10:50 of 1st period - Shot by Mika Zibanejad.
10:50 of 1st period - Stopped by Jack Campbell without a rebound.
10:51 of 1st period - Robert Thomas wins face-off versus Sam Bennett in Oilers zone.
11:10 of 1st period - Icing by Dante Fabbro.
11:11 of 1st period - Sam Lafferty wins face-off versus Ondrej Palat in Flyers zone.
12:26 of 1st period - Icing by Ryan Pulock.
12:27 of 1st period - Ryan Johansen wins face-off versus Jake DeBrusk in Oilers zone.
12:40 of 1st period - Shot by Brandon Hagel.
12:40 of 1st period - Stopped by Linus Ullmark with a rebound.
13:19 of 1st period - Icing by Nikita Zaitsev.
13:20 of 1st period - Robert Thomas wins face-off versus Sam Bennett in Oilers zone.
14:08 of 1st period - Icing by Mattias Samuelsson.
14:09 of 1st period - Sam Bennett wins face-off versus Eetu Luostarinen in Oilers zone.
14:32 of 1st period - Mattias Samuelsson is hit by Victor Hedman and loses puck.
14:56 of 1st period - Brandon Hagel is hit by Eetu Luostarinen and loses puck.
15:00 of 1st period - Jamie Drysdale is hit by Eetu Luostarinen and loses puck.
15:06 of 1st period - Ryan Johansen is hit by Alex Pietrangelo.
15:20 of 1st period - Shot by Ryan Johansen.
15:20 of 1st period - Stopped by Linus Ullmark with a rebound.
15:22 of 1st period - Shot by Ryan Johansen.
15:22 of 1st period - Deflect By Dylan Strome.
15:22 of 1st period - Shot Misses the Net.
15:50 of 1st period - Shot by Mika Zibanejad.
15:50 of 1st period - Shot Misses the Net.
15:52 of 1st period - Shot by Mika Zibanejad.
15:52 of 1st period - Stopped by Jack Campbell without a rebound.
15:53 of 1st period - Robert Thomas wins face-off versus Paul Stastny in Oilers zone.
16:02 of 1st period - Shot by Joel Farabee.
16:02 of 1st period - Stopped by Jack Campbell without a rebound.
16:03 of 1st period - Paul Stastny wins face-off versus Mika Zibanejad in Oilers zone.
16:30 of 1st period - Shot by Mika Zibanejad.
16:30 of 1st period - Stopped by Jack Campbell without a rebound.
16:31 of 1st period - Robert Thomas wins face-off versus Adam Lowry in Oilers zone.
16:35 of 1st period - Icing by Josh Bailey.
16:36 of 1st period - Ondrej Palat wins face-off versus Robert Thomas in Oilers zone.
17:56 of 1st period - Icing by Alex Pietrangelo.
17:57 of 1st period - Mika Zibanejad wins face-off versus Sam Bennett in Flyers zone.
19:49 of 1st period - Shot by Robert Thomas.
19:49 of 1st period - Deflect By Calle Jarnkrok.
19:49 of 1st period - Stopped by Jack Campbell without a rebound.
19:50 of 1st period - Eetu Luostarinen wins face-off versus Ryan Johansen in Oilers zone.
Goals for this period are 0 for Oilers vs 0 for Flyers.
Shots for this period are 10 for Oilers vs 8 for Flyers.

2nd period


0:01 of 2nd period - Mika Zibanejad wins face-off versus Ryan Johansen in neutral zone.
0:07 of 2nd period - Icing by Brandon Hagel.
0:08 of 2nd period - Mika Zibanejad wins face-off versus Ryan Johansen in Oilers zone.
0:09 of 2nd period - Shot by Victor Hedman.
0:09 of 2nd period - Shot Misses the Net.
0:27 of 2nd period - Ryan Pulock is hit by Jake DeBrusk and loses puck.
1:12 of 2nd period - Shot by Adam Lowry.
1:12 of 2nd period - Stopped by Linus Ullmark without a rebound.
1:13 of 2nd period - Sam Bennett wins face-off versus Robert Thomas in Flyers zone.
1:53 of 2nd period - Icing by Nikita Zaitsev.
1:54 of 2nd period - Sam Bennett wins face-off versus Eetu Luostarinen in Oilers zone.
2:17 of 2nd period - Ryan Pulock is hit by Tomas Tatar and loses puck.
2:22 of 2nd period - Shot by Erik Johnson.
2:22 of 2nd period - Shot Blocked by Dylan Strome.
2:29 of 2nd period - Fabian Zetterlund is hit by Ryan Pulock and loses puck.
2:39 of 2nd period - Off-side.
2:40 of 2nd period - Mika Zibanejad wins face-off versus Adam Lowry in neutral zone.
4:05 of 2nd period - Shot by Joel Farabee.
4:05 of 2nd period - Stopped by Jack Campbell without a rebound.
4:06 of 2nd period - Paul Stastny wins face-off versus Eetu Luostarinen in Oilers zone.
4:06 of 2nd period - Alexander Barabanov is hit by Eetu Luostarinen and loses puck.
5:04 of 2nd period - Off-side.
5:05 of 2nd period - Ryan Johansen wins face-off versus Mika Zibanejad in neutral zone.
5:26 of 2nd period - Brandon Hagel is hit by Victor Hedman and loses puck.
5:48 of 2nd period - Jared McCann is hit by Ryan Pulock and loses puck.
5:52 of 2nd period - Icing by Ryan Pulock.
5:53 of 2nd period - Ryan Johansen wins face-off versus Robert Thomas in Oilers zone.
6:10 of 2nd period - Shot by Calle Jarnkrok.
6:10 of 2nd period - Deflect By Robert Thomas.
6:10 of 2nd period - Stopped by Jack Campbell with a rebound.
6:12 of 2nd period - Shot by Calle Jarnkrok.
6:12 of 2nd period - Shot Misses the Net.
7:21 of 2nd period - Adam Lowry is hit by Dante Fabbro and loses puck.
7:34 of 2nd period - Shot by Adam Ruzicka.
7:34 of 2nd period - Stopped by Jack Campbell without a rebound.
7:35 of 2nd period - Sam Bennett wins face-off versus Mika Zibanejad in Oilers zone.
7:42 of 2nd period - Shot by Brock Boeser.
7:42 of 2nd period - Shot Blocked by Alex Pietrangelo.
7:44 of 2nd period - Shot by Brock Boeser.
7:44 of 2nd period - Goal by Brock Boeser - Oilers : 1 - Flyers : 0.
7:45 of 2nd period - Paul Stastny wins face-off versus Mika Zibanejad in neutral zone.
7:49 of 2nd period - Icing by Alex Pietrangelo.
7:50 of 2nd period - Sam Bennett wins face-off versus Mika Zibanejad in Flyers zone.
7:50 of 2nd period - Sam Bennett is hit by Victor Hedman.
8:00 of 2nd period - Shot by Jared McCann.
8:00 of 2nd period - Stopped by Jack Campbell without a rebound.
8:01 of 2nd period - Robert Thomas wins face-off versus Adam Lowry in Oilers zone.
8:03 of 2nd period - Major Penalty to Scott Mayfield for Boarding.
8:04 of 2nd period - Adam Lowry wins face-off versus Mika Zibanejad in Oilers zone.
8:28 of 2nd period - Shot by Jake DeBrusk.
8:28 of 2nd period - Stopped by Jack Campbell without a rebound.
8:29 of 2nd period - Adam Lowry wins face-off versus Robert Thomas in Oilers zone.
8:41 of 2nd period - Tomas Tatar is hit by Mattias Samuelsson and loses puck.
9:00 of 2nd period - Shot by Vince Dunn.
9:00 of 2nd period - Stopped by Jack Campbell without a rebound.
9:01 of 2nd period - Adam Lowry wins face-off versus Mika Zibanejad in Oilers zone.
9:09 of 2nd period - Icing by Alex Pietrangelo.
9:10 of 2nd period - Adam Lowry wins face-off versus Mika Zibanejad in Flyers zone.
9:13 of 2nd period - Shot by Ondrej Palat.
9:13 of 2nd period - Stopped by Linus Ullmark without a rebound.
9:14 of 2nd period - Adam Lowry wins face-off versus Mika Zibanejad in Flyers zone.
10:17 of 2nd period - Shot by Vince Dunn.
10:17 of 2nd period - Stopped by Jack Campbell without a rebound.
10:18 of 2nd period - Paul Stastny wins face-off versus Tomas Tatar in Oilers zone.
10:31 of 2nd period - Shot by Robert Thomas.
10:31 of 2nd period - Shot Misses the Net.
10:33 of 2nd period - Shot by Vince Dunn.
10:33 of 2nd period - Stopped by Jack Campbell with a rebound.
10:35 of 2nd period - Shot by Joel Farabee.
10:35 of 2nd period - Stopped by Jack Campbell with a rebound.
10:39 of 2nd period - Shot by Vince Dunn.
10:39 of 2nd period - Stopped by Jack Campbell with a rebound.
10:49 of 2nd period - Shot by Tomas Tatar.
10:49 of 2nd period - Stopped by Jack Campbell without a rebound.
10:50 of 2nd period - Adam Lowry wins face-off versus Mika Zibanejad in Oilers zone.
11:10 of 2nd period - Shot by Jared McCann.
11:10 of 2nd period - Stopped by Jack Campbell without a rebound.
11:11 of 2nd period - Paul Stastny wins face-off versus Robert Thomas in Oilers zone.
11:51 of 2nd period - Shot by Aaron Ekblad.
11:51 of 2nd period - Deflect By Robert Thomas.
11:51 of 2nd period - Shot Misses the Net.
12:07 of 2nd period - Shot by Alex Pietrangelo.
12:07 of 2nd period - Stopped by Jack Campbell without a rebound.
12:08 of 2nd period - Mika Zibanejad wins face-off versus Paul Stastny in Oilers zone.
12:13 of 2nd period - Shot by Alex Pietrangelo.
12:13 of 2nd period - Shot Misses the Net.
12:25 of 2nd period - Shot by Jared McCann.
12:25 of 2nd period - Deflect By Jake DeBrusk.
12:25 of 2nd period - Shot Misses the Net.
12:27 of 2nd period - Shot by Mika Zibanejad.
12:27 of 2nd period - Stopped by Jack Campbell without a rebound.
12:28 of 2nd period - Alexander Barabanov wins face-off versus Mika Zibanejad in Oilers zone.
12:56 of 2nd period - Shot by Jake DeBrusk.
12:56 of 2nd period - Stopped by Jack Campbell without a rebound.
12:57 of 2nd period - Adam Lowry wins face-off versus Robert Thomas in Oilers zone.
13:06 of 2nd period - Shot by Cole Perfetti.
13:06 of 2nd period - Deflect By Brock Boeser.
13:06 of 2nd period - Shot Misses the Net.
13:08 of 2nd period - Shot by Ryan Pulock.
13:08 of 2nd period - Goal by Ryan Pulock - Oilers : 2 - Flyers : 0.
13:09 of 2nd period - Sam Bennett wins face-off versus Robert Thomas in neutral zone.
13:09 of 2nd period - Ryan Pulock is hit by Joel Farabee and loses puck.
13:13 of 2nd period - Minor Penalty to Sam Bennett for Tripping.
13:14 of 2nd period - Adam Lowry wins face-off versus Robert Thomas in Oilers zone.
13:31 of 2nd period - Shot by Victor Hedman.
13:31 of 2nd period - Deflect By Robert Thomas.
13:31 of 2nd period - Stopped by Jack Campbell with a rebound.
13:47 of 2nd period - Shot by Robert Thomas.
13:47 of 2nd period - Shot Blocked by Paul Stastny.
15:05 of 2nd period - Icing by Mika Zibanejad.
15:06 of 2nd period - Mika Zibanejad wins face-off versus Adam Lowry in Flyers zone.
15:15 of 2nd period - Shot by Sam Lafferty.
15:15 of 2nd period - Goal by Sam Lafferty - Oilers : 2 - Flyers : 1.
15:16 of 2nd period - Sam Bennett wins face-off versus Adam Ruzicka in neutral zone.
15:23 of 2nd period - Shot by Scott Mayfield.
15:23 of 2nd period - Shot Misses the Net.
15:25 of 2nd period - Shot by Scott Mayfield.
15:25 of 2nd period - Shot Blocked by Sam Lafferty.
15:27 of 2nd period - Shot by Scott Mayfield.
15:27 of 2nd period - Shot Misses the Net.
15:35 of 2nd period - Shot by Brock Boeser.
15:35 of 2nd period - Stopped by Linus Ullmark without a rebound.
15:36 of 2nd period - Robert Thomas wins face-off versus Ryan Johansen in Flyers zone.
16:29 of 2nd period - Victor Hedman is hit by Sam Bennett and loses puck.
16:33 of 2nd period - Minor Penalty to Victor Hedman for Tripping.
16:34 of 2nd period - Mika Zibanejad wins face-off versus Sam Bennett in Flyers zone.
17:18 of 2nd period - Icing by Mattias Samuelsson.
17:19 of 2nd period - Mika Zibanejad wins face-off versus Ryan Johansen in Oilers zone.
18:20 of 2nd period - Shot by Sam Bennett.
18:20 of 2nd period - Deflect By Brock Boeser.
18:20 of 2nd period - Stopped by Linus Ullmark without a rebound.
18:21 of 2nd period - Robert Thomas wins face-off versus Sam Bennett in Flyers zone.
18:34 of 2nd period - Shot by Adam Lowry.
18:34 of 2nd period - Shot Misses the Net.
19:06 of 2nd period - Shot by Alex Galchenyuk.
19:06 of 2nd period - Stopped by Jack Campbell without a rebound.
19:07 of 2nd period - Robert Thomas wins face-off versus Sam Bennett in Oilers zone.
19:29 of 2nd period - Icing by Mattias Samuelsson.
19:30 of 2nd period - Sam Bennett wins face-off versus Mika Zibanejad in Oilers zone.
Goals for this period are 2 for Oilers vs 1 for Flyers.
Shots for this period are 6 for Oilers vs 18 for Flyers.

3rd period


0:01 of 3rd period - Ryan Johansen wins face-off versus Jake DeBrusk in neutral zone.
0:30 of 3rd period - Shot by Mika Zibanejad.
0:30 of 3rd period - Stopped by Jack Campbell without a rebound.
0:31 of 3rd period - Sam Bennett wins face-off versus Robert Thomas in Oilers zone.
0:50 of 3rd period - Shot by Vince Dunn.
0:50 of 3rd period - Goal by Vince Dunn - Oilers : 2 - Flyers : 2.
0:51 of 3rd period - Eetu Luostarinen wins face-off versus Adam Lowry in neutral zone.
1:02 of 3rd period - Off-side.
1:03 of 3rd period - Mika Zibanejad wins face-off versus Ryan Johansen in neutral zone.
1:20 of 3rd period - Shot by Dylan Strome.
1:20 of 3rd period - Deflect By Ryan Johansen.
1:20 of 3rd period - Shot Misses the Net.
1:22 of 3rd period - Shot by Ryan Johansen.
1:22 of 3rd period - Shot Misses the Net.
1:48 of 3rd period - Shot by Brandon Hagel.
1:48 of 3rd period - Stopped by Linus Ullmark without a rebound.
1:49 of 3rd period - Robert Thomas wins face-off versus Sam Bennett in Flyers zone.
2:05 of 3rd period - Icing by Sam Bennett.
2:06 of 3rd period - Fabian Zetterlund wins face-off versus Sam Bennett in Oilers zone.
2:16 of 3rd period - Eetu Luostarinen is hit by Nikita Zaitsev.
2:42 of 3rd period - Shot by Cole Perfetti.
2:42 of 3rd period - Deflect By Brock Boeser.
2:42 of 3rd period - Stopped by Linus Ullmark without a rebound.
2:43 of 3rd period - Adam Lowry wins face-off versus Jared McCann in Flyers zone.
2:50 of 3rd period - Shot by Mika Zibanejad.
2:50 of 3rd period - Deflect By Jake DeBrusk.
2:50 of 3rd period - Stopped by Jack Campbell without a rebound.
2:51 of 3rd period - Mika Zibanejad wins face-off versus Adam Lowry in Oilers zone.
3:00 of 3rd period - Shot by Mika Zibanejad.
3:00 of 3rd period - Shot Misses the Net.
3:02 of 3rd period - Shot by Mika Zibanejad.
3:02 of 3rd period - Goal by Mika Zibanejad - Oilers : 2 - Flyers : 3.
3:03 of 3rd period - Robert Thomas wins face-off versus Ryan Johansen in neutral zone.
4:22 of 3rd period - Icing by Jamie Drysdale.
4:23 of 3rd period - Eetu Luostarinen wins face-off versus Adam Lowry in Oilers zone.
4:26 of 3rd period - Shot by Tomas Tatar.
4:26 of 3rd period - Shot Blocked by Ryan Pulock.
4:32 of 3rd period - Shot by Josh Bailey.
4:32 of 3rd period - Shot Misses the Net.
4:36 of 3rd period - Shot by Adam Lowry.
4:36 of 3rd period - Stopped by Linus Ullmark without a rebound.
4:37 of 3rd period - Paul Stastny wins face-off versus Mika Zibanejad in Flyers zone.
4:38 of 3rd period - Shot by Jakob Silfverberg.
4:38 of 3rd period - Shot Hit the Post.
4:54 of 3rd period - Shot by Jared McCann.
4:54 of 3rd period - Stopped by Jack Campbell without a rebound.
4:55 of 3rd period - Sam Bennett wins face-off versus Eetu Luostarinen in Oilers zone.
5:04 of 3rd period - Vince Dunn is hit by Sam Bennett and loses puck.
5:10 of 3rd period - Icing by Eetu Luostarinen.
5:11 of 3rd period - Paul Stastny wins face-off versus Eetu Luostarinen in Flyers zone.
5:20 of 3rd period - Shot by Jakob Silfverberg.
5:20 of 3rd period - Stopped by Linus Ullmark without a rebound.
5:21 of 3rd period - Mika Zibanejad wins face-off versus Sam Bennett in Flyers zone.
5:21 of 3rd period - Mika Zibanejad is hit by Sam Bennett.
5:35 of 3rd period - Shot by Nikita Zaitsev.
5:35 of 3rd period - Stopped by Linus Ullmark without a rebound.
5:36 of 3rd period - Adam Lowry wins face-off versus Calle Jarnkrok in Flyers zone.
5:42 of 3rd period - Josh Bailey is hit by Vince Dunn and loses puck.
5:51 of 3rd period - Adam Lowry is hit by Calle Jarnkrok and loses puck.
6:14 of 3rd period - Shot by Ondrej Palat.
6:14 of 3rd period - Stopped by Linus Ullmark with a rebound.
6:16 of 3rd period - Shot by Adam Lowry.
6:16 of 3rd period - Stopped by Linus Ullmark without a rebound.
6:17 of 3rd period - Sam Bennett wins face-off versus Mika Zibanejad in Flyers zone.
6:28 of 3rd period - Shot by Jared McCann.
6:28 of 3rd period - Deflect By Jake DeBrusk.
6:28 of 3rd period - Stopped by Jack Campbell without a rebound.
6:29 of 3rd period - Ryan Johansen wins face-off versus Eetu Luostarinen in Oilers zone.
6:41 of 3rd period - Shot by Ryan Johansen.
6:41 of 3rd period - Shot Misses the Net.
6:47 of 3rd period - Shot by Brandon Hagel.
6:47 of 3rd period - Shot Misses the Net.
6:49 of 3rd period - Shot by Ryan Johansen.
6:49 of 3rd period - Stopped by Linus Ullmark without a rebound.
6:50 of 3rd period - Mika Zibanejad wins face-off versus Sam Bennett in Flyers zone.
7:06 of 3rd period - Mika Zibanejad is hit by Ryan Pulock and loses puck.
7:11 of 3rd period - Shot by Jake DeBrusk.
7:11 of 3rd period - Stopped by Jack Campbell without a rebound.
7:12 of 3rd period - Paul Stastny wins face-off versus Joel Farabee in Oilers zone.
7:12 of 3rd period - Paul Stastny is hit by Joel Farabee.
7:20 of 3rd period - Shot by Mattias Samuelsson.
7:20 of 3rd period - Stopped by Linus Ullmark without a rebound.
7:21 of 3rd period - Dylan Strome wins face-off versus Mika Zibanejad in Flyers zone.
7:51 of 3rd period - Icing by Mika Zibanejad.
7:52 of 3rd period - Mika Zibanejad wins face-off versus Paul Stastny in Flyers zone.
9:18 of 3rd period - Icing by Vince Dunn.
9:19 of 3rd period - Robert Thomas wins face-off versus Adam Lowry in Flyers zone.
9:48 of 3rd period - Shot by Eetu Luostarinen.
9:48 of 3rd period - Stopped by Jack Campbell without a rebound.
9:49 of 3rd period - Sam Bennett wins face-off versus Mika Zibanejad in Oilers zone.
10:19 of 3rd period - Shot by Brock Boeser.
10:19 of 3rd period - Deflect By Sam Bennett.
10:19 of 3rd period - Shot Misses the Net.
10:54 of 3rd period - Minor Penalty to Ryan Johansen for Holding.
10:55 of 3rd period - Adam Lowry wins face-off versus Robert Thomas in Oilers zone.
10:55 of 3rd period - Ondrej Palat is hit by Tomas Tatar and loses puck.
11:57 of 3rd period - Jakob Silfverberg is hit by Mika Zibanejad and loses puck.
12:10 of 3rd period - Shot by Mika Zibanejad.
12:10 of 3rd period - Shot Misses the Net.
12:12 of 3rd period - Shot by Jared McCann.
12:12 of 3rd period - Stopped by Jack Campbell without a rebound.
12:13 of 3rd period - Adam Lowry wins face-off versus Robert Thomas in Oilers zone.
12:22 of 3rd period - Adam Lowry is hit by Robert Thomas and loses puck.
13:19 of 3rd period - Shot by Alex Galchenyuk.
13:19 of 3rd period - Shot Blocked by Troy Stecher.
13:54 of 3rd period - Minor Penalty to Sam Lafferty for Roughing.
13:55 of 3rd period - Sam Bennett wins face-off versus Mika Zibanejad in Flyers zone.
14:02 of 3rd period - Shot by Brandon Hagel.
14:02 of 3rd period - Shot Misses the Net.
14:46 of 3rd period - Shot by Ryan Johansen.
14:46 of 3rd period - Goal by Ryan Johansen - Oilers : 3 - Flyers : 3.
14:47 of 3rd period - Robert Thomas wins face-off versus Paul Stastny in neutral zone.
14:49 of 3rd period - Alex Pietrangelo is hit by Scott Mayfield and loses puck.
15:00 of 3rd period - Shot by Paul Stastny.
15:00 of 3rd period - Stopped by Linus Ullmark without a rebound.
15:01 of 3rd period - Adam Lowry wins face-off versus Mika Zibanejad in Flyers zone.
15:01 of 3rd period - Josh Bailey is hit by Erik Johnson and loses puck.
15:04 of 3rd period - Shot by Adam Lowry.
15:04 of 3rd period - Shot Blocked by Erik Johnson.
15:06 of 3rd period - Shot by Adam Lowry.
15:06 of 3rd period - Shot Misses the Net.
15:20 of 3rd period - Shot by Ondrej Palat.
15:20 of 3rd period - Deflect By Josh Bailey.
15:20 of 3rd period - Shot Misses the Net.
15:38 of 3rd period - Shot by Adam Lowry.
15:38 of 3rd period - Shot Misses the Net.
16:00 of 3rd period - Shot by Brock Boeser.
16:00 of 3rd period - Goal by Brock Boeser - Oilers : 4 - Flyers : 3.
16:01 of 3rd period - Ryan Johansen wins face-off versus Robert Thomas in neutral zone.
16:26 of 3rd period - Shot by Alex Pietrangelo.
16:26 of 3rd period - Stopped by Jack Campbell without a rebound.
16:27 of 3rd period - Eetu Luostarinen wins face-off versus Sam Bennett in Oilers zone.
16:31 of 3rd period - Icing by Jamie Drysdale.
16:32 of 3rd period - Sam Bennett wins face-off versus Eetu Luostarinen in Oilers zone.
16:41 of 3rd period - Shot by Tomas Tatar.
16:41 of 3rd period - Shot Misses the Net.
16:43 of 3rd period - Shot by Eetu Luostarinen.
16:43 of 3rd period - Goal by Eetu Luostarinen - Oilers : 4 - Flyers : 4.
16:44 of 3rd period - Ryan Johansen wins face-off versus Robert Thomas in neutral zone.
16:48 of 3rd period - Off-side.
16:49 of 3rd period - Ryan Johansen wins face-off versus Mika Zibanejad in neutral zone.
16:59 of 3rd period - Icing by Mika Zibanejad.
17:00 of 3rd period - Mika Zibanejad wins face-off versus Adam Lowry in Flyers zone.
17:23 of 3rd period - Shot by Ondrej Palat.
17:23 of 3rd period - Shot Blocked by Victor Hedman.
17:25 of 3rd period - Shot by Adam Lowry.
17:25 of 3rd period - Shot Misses the Net.
17:27 of 3rd period - Shot by Ondrej Palat.
17:27 of 3rd period - Stopped by Linus Ullmark without a rebound.
17:28 of 3rd period - Ryan Johansen wins face-off versus Robert Thomas in Flyers zone.
17:54 of 3rd period - Robert Thomas is hit by Ryan Pulock and loses puck.
18:06 of 3rd period - Joel Farabee is hit by Ryan Pulock and loses puck.
18:09 of 3rd period - Shot by Joel Farabee.
18:09 of 3rd period - Goal by Joel Farabee - Oilers : 4 - Flyers : 5.
18:10 of 3rd period - Adam Lowry wins face-off versus Mika Zibanejad in neutral zone.
18:14 of 3rd period - Off-side.
18:15 of 3rd period - Mika Zibanejad wins face-off versus Adam Lowry in neutral zone.
18:54 of 3rd period - Icing by Nikita Zaitsev.
18:55 of 3rd period - Adam Lowry wins face-off versus Robert Thomas in Oilers zone.
18:55 of 3rd period - Minor Penalty to Joel Farabee for Holding.
18:56 of 3rd period - Sam Bennett wins face-off versus Mika Zibanejad in Flyers zone.
19:02 of 3rd period - Oilers, Jack Campbell is pulled from the net.
Goals for this period are 2 for Oilers vs 4 for Flyers.
Shots for this period are 13 for Oilers vs 12 for Flyers.